Map: Dämmertürme

Players

Slice

  • Race: Zerg Zerg
  • League: Master

Snake - Winner!

  • Race: Zerg Zerg
  • League: Grandmaster

VOD

Have the link to the VOD?

Description

Time

  • Played on: Jan. 15, 2016, 8:45 a.m.
  • Length: 8:08
Show
View Real Time Build Order
Export as new Build Order

Slice Zerg 

Build Orders: Hatch First 

Get SALT Encoding   

  12  0:01  Drone  
  13  0:12  Overlord  
  13  0:19  Drone  
  14  0:31  Drone  
  14  0:32  Drone  
  16  0:37  Drone  
  17  0:53  Hatchery  
  16  0:58  Drone  
  16  0:59  Drone  
  18  1:11  Spawning Pool  
  18  1:15  Drone  
  18  1:16  Extractor  
  17  1:21  Drone  
  18  1:28  Drone  
  19  1:41  Drone  
  20  1:58  Queen  
  20  2:00  Spine Crawler, Zergling x2  
  22  2:05  Queen  
  22  2:06  Zergling x2  
  22  2:07  Zergling x2  
  26  2:14  Overlord  
  26  2:17  Zergling x2  
  27  2:25  Baneling Nest  
  27  2:28  Zergling x4  
  27  2:49  Queen  
  30  3:11  Drone  
  31  3:19  Drone x2  
  33  3:25  Overlord  
  31  3:29  Drone x3  
  31  3:30  Drone  
  31  3:33  Metabolic Boost  
  35  3:45  Drone x3  
  35  3:46  Drone x2  
  40  3:58  Drone  
  41  4:04  Drone x2  
  41  4:08  Hatchery  
  42  4:11  Overlord  
  42  4:26  Evolution Chamber, Extractor  
  42  4:27  Roach Warren, Extractor  
  38  4:32  Lair  
  38  4:33  Drone x2  
  38  4:35  Drone  
  41  4:39  Overlord  
  41  4:43  Overlord  
  41  4:52  Zerg Missile Weapons Level 1  
  41  4:58  Drone  
  41  4:59  Drone x2  
  44  5:00  Drone x3  
  44  5:02  Drone  
  48  5:10  Drone x2  
  48  5:13  Overlord  
  50  5:16  Overlord  
  50  5:29  Drone x4  
  50  5:32  Overseer  
  54  5:36  Roach x2  
  54  5:39  Roach  
  54  5:40  Overseer  
  60  5:49  Roach x2  
  68  5:50  Roach x2  
  64  6:00  Roach x2  
  64  6:02  Roach x3  
  74  6:04  Roach  
  74  6:07  Roach x2  
  74  6:08  Roach  
  78  6:19  Roach x2  
  74  6:25  Roach  
  74  6:26  Roach x4  
  80  6:33  Roach x2  
  80  6:39  Zergling x4  
  51  7:01  Zergling x8  
  51  7:02  Roach Warren, Zergling x2  
  50  7:10  Zergling x2  
  50  7:11  Zergling x4  
  53  7:20  Zergling x6  
  53  7:45  Roach x6  
Show
View Real Time Build Order
Export as new Build Order

Snake Zerg - Winner!

Build Orders: Pool First 

Get SALT Encoding   

  12  0:19  Spawning Pool  
  11  0:22  Drone  
  11  0:27  Drone  
  13  0:35  Drone  
  14  0:40  Overlord  
  14  1:06  Zergling x6  
  14  1:07  Queen  
  19  1:21  Zergling x2  
  20  1:35  Hatchery  
  20  1:38  Zergling x2  
  20  1:42  Overlord  
  20  1:49  Drone  
  21  2:08  Drone  
  22  2:11  Queen  
  22  2:13  Drone, Extractor  
  24  2:21  Drone x2  
  24  2:22  Drone  
  25  2:44  Drone x2  
  25  2:45  Roach Warren  
  23  2:51  Queen  
  25  3:02  Drone x2  
  27  3:09  Drone x2  
  29  3:14  Drone  
  29  3:15  Drone  
  29  3:19  Overlord  
  31  3:26  Roach  
  31  3:27  Roach  
  35  3:32  Overlord  
  35  3:38  Roach  
  37  3:42  Roach x2  
  41  3:51  Drone  
  41  3:52  Drone  
  43  4:01  Drone  
  43  4:02  Drone x2  
  46  4:08  Drone x2  
  48  4:13  Metabolic Boost  
  48  4:16  Overlord  
  50  4:24  Roach, Zergling x2  
  50  4:25  Zergling x2  
  50  4:27  Overlord x2  
  52  4:37  Roach  
  52  4:38  Zergling x6  
  57  4:40  Overlord  
  57  4:51  Roach x2  
  57  4:52  Zergling x4  
  63  4:59  Zergling x2  
  65  5:00  Zergling x2  
  65  5:04  Roach, Zergling x2  
  68  5:10  Queen  
  68  5:11  Overlord, Extractor  
  68  5:12  Roach  
  68  5:13  Zergling x2  
  72  5:20  Roach  
  72  5:21  Zergling x8  
  76  5:27  Zergling x2  
  76  5:28  Extractor  
  78  5:30  Roach  
  80  5:38  Roach  
  80  5:41  Roach  
  84  5:43  Zergling x6  
  84  5:48  Zergling x2  
  89  5:54  Zergling x6  
  92  6:09  Hatchery  
  85  6:25  Roach  
  85  6:26  Roach x3  
  89  6:33  Zergling x6  
  89  6:46  Zergling x4  
  89  6:47  Zergling x10  
  88  6:48  Zergling x2  
  88  6:50  Lair  
  83  6:54  Zergling x2  
  78  7:02  Zergling x2  
  78  7:10  Zergling x4  
  80  7:16  Zergling x2  
  80  7:18  Zergling x6  
  80  7:20  Zergling x6  
  87  7:23  Evolution Chamber, Roach x2  
  90  7:39  Roach x3  
  96  7:48  Drone x2  
  96  7:50  Overlord x2  
  98  7:53  Extractor  
  98  7:54  Extractor  
Tags
 
Add a new tag
Caveats
  • Supply blocks, unpowered buildings, or Contaminate may cause inaccurate times.
  • Supply counts are checked every 10 seconds.